Workbook
Name _1: #N/A
Name _2: #N/A
Name _3: #N/A
Name A_impresión_IM: #REF!
Name A_impresión_IM: #REF!

Sheet TRDM
A1: ANEXO 1
A2: CONDICIONES TÉCNICAS BÁSICAS OBLIGATORIAS
A3: DEPARTAMENTO DEL ATLÁNTICO
A4: TODO RIESGO DAÑOS MATERIALES
A6: CONDICIONES BÁSICAS OBLIGATORIAS
A7: EL DEPARTAMENTO DEL ATLÁNTICO requiere la presentación de ofertas con las condiciones que se detallan a continuación, las cuales se consideran requisito mínimo obligatorio, por ello no son objeto de asignación de puntaje y el no otorgamiento de la totalidad de las mismas dará lugar al rechazo de la propuesta de la presente póliza.
A8: Objeto del Seguro:
A9: Amparar las pérdidas o daños materiales que sufran los bienes de propiedad del DEPARTAMENTO DEL ATLÁNTICO bajo su responsabilidad, tenencia y/o control, y en general los recibidos a cualquier titulo y/o por los que tenga algún interés asegurable.
A10: Vigencia:
A11: Coberturas Básicas
A12: Modalidad de la póliza: Todo Riesgo pérdida y/o daño material con exclusiones. La aseguradora se obliga a indemnizar al asegurado los daños y/o pérdidas que sufran los intereses asegurados, así como los costos y/o gastos en que incurra, o todos combinados, como consecuencia de los riesgos que a continuación se enuncian: Todo riesgo para las pérdidas y/o daños materiales que sufran los intereses asegurados por cualquier riesgo y/o causas, incluidos, pero no limitados a: Incendio, explosión, anegación, daños por agua; extended coverage; huelga, asonada, motín, conmoción civil o popular, actos malintencionados de terceros, incluidos sabotaje y los actos terroristas, cometidos o no por movimientos subversivos (tomas a poblaciones, municipios y ciudades y los actos de la autoridad para repelerlos; también se amparan las pérdidas materiales que sufran los bienes asegurados causados directa o indirectamente por cohetes, misiles o similares); terremoto, temblor y/o erupción volcánica y/o eventos de la naturaleza tales como ciclón, huracán, tempestad, vientos, inundación, desbordamiento, alza en el nivel de aguas y enfangamiento, hundimiento, deslizamiento del terreno, derrumbes, aludes, desprendimiento de tierra y rocas, y las pérdidas y/o daños consecuenciales originados por tales fenómenos; daño interno de equipos eléctricos y electrónicos: coberturas de todo riesgo daño material por rotura de maquinaria y equipos eléctricos y electrónicos (explosión física o química interna, caída directa de rayo, rotura debido a fuerza centrífuga, cuerpos extraños, acción directa de la energía eléctrica y/o rayo, impericia, descuido, negligencia; sabotaje individual; error de diseño, defecto de mano de obra, falta de agua en aparatos generadores de vapor, otros accidentes ocurridos a los equipos por causas no expresamente excluidas en la póliza); rotura de vidrios, sustracción con violencia y sustracción sin violencia, y demás amparos y/o coberturas que no se encuentren expresamente excluidas.
A13: Bienes e Intereses Asegurados:
... A25: Valores Asegurados
A26: 80078044472
A27: Indice Variable: 5%
A28: Edificios | C28: 51966408690
A29: Equipo y Maquinaria | C29: 5853756919
A30: Equipo Medico y cientifico | C30: 9820496141
A31: Muebles, enseres y equipo de oficina | C31: 4425832141
A32: Equipo Computación y Comunicaciones | C32: 5001769288
A33: Equipo comedor y cocina | C33: 397846293
A34: Bienes historicos y culturales (Cuadro y esculturas) | C34: 2611935000
A35: Cobertura Sublimitada (Evento y en el agregado anual) - VALORES EN PESOS COLOMBIANOS
A36: Con excepción de las condiciones y/o coberturas específicamente sublimitadas , todas las demás Coberturas y/o condiciones operarán al 100% del valor asegurado.
A37: Amparo / Cobertura
A38: Asonada, motín, conmoción civil o popular, huelga, vandalismo, actos mal intencionados de terceros, incluidos los actos terroristas cometidos por personas o grupos/movimientos al margen de la ley. | C38: 67760642785
A39: Cobertura para vidrios interiores y exteriores, accidental o como consecuencia de daños incluyendo AMIT, HAMCCo P (Incluido Terrorismo).- este se encuentra incluido dentro del límite máximo de indemnización | C39: 512499485
A40: Para equipos móviles y/o portátiles fuera de los predios del Asegurado, incluidos los movilizados al exterior . | C40: 6286126491
A41: 7. Cláusulas y/o condiciones adicionales
A42: Para aquellas cláusulas y/o condiciones adicionales para las que no se indique sublímite se entenderá que estas operan al 100%. Para las coberturas que indiquen sublímite se entenderá que operan por evento/vigencia.
A43: Cláusula de aplicación de condiciones particulares. Queda expresamente acordado y convenido, que el oferente acepta las condiciones técnicas básicas establecidas en este anexo en los términos señalados en el mismo; por lo tanto, en caso de existir discrepancia entre los ofrecimientos contenidos en las CONDICIONES TÉCNICAS BÁSICAS OBLIGATORIAS frente a la propuesta, los textos de los ejemplares de las pólizas, certificados, anexos o cualquier otro documento; prevalecerá la información y condiciones enunciadas en las CONDICIONES TÉCNICAS BÁSICAS OBLIGATORIAS establecidas.
A44: Actos de autoridad: La póliza cubre los daños o pérdidas materiales de los bienes asegurados, que tengan por causa o fueren consecuencia de cualquier acto de autoridad legalmente constituida sobre los bienes objeto del seguro y/o ejercida con el fin de disminuir o aminorar las consecuencias de cualquiera de los riesgos amparados por esta póliza, incluyendo los generados por AMIT, Sabotaje y Terrorismo.
A45: Amparo automático para bienes en ferias, eventos y exposiciones en el territorio nacional.
A46: Amparo automático para edificios y contenidos que por error u omisión no se hayan informado al inicio del seguro. Queda entendido, convenido y aceptado que en el evento de que el asegurado, por error u omisión, no haya informado bienes muebles o inmuebles al inicio de la cobertura, sobre los cuales éste tuviere interés asegurable, las coberturas y amparos adicionales de esta póliza se extenderán automáticamente a dichos bienes hasta el 100% por 90 días.. La prima adicional se liquidará con base en las tasas contratadas. Si vencido este plazo no se ha informado a la Compañía, cesará el amparo.
A47: Amparo automático por el cambio de ubicación del riesgo. Queda entendido, convenido y aceptado que en el evento de que uno o varios de los intereses asegurados bajo el presente seguro cambien su ubicación, las coberturas y amparos adicionales de esta póliza se extenderán automáticamente a la nueva ubicación, siempre y cuando se conserven condiciones similares de asegurabilidad respecto del riesgo que los contenía, desde el cual se trasladan. El asegurado está obligado a dar aviso a la Compañía dentro de los 60 días siguientes a la fecha del cambio de ubicación.
A48: Amparo para bienes de propiedad del asegurado en predios o bajo la responsabilidad de terceros. Sublímite $500.000.000
A49: Amparo para bienes fuera de edificios y/o a la intemperie. El Oferente debe contemplar bajo esta cobertura, que el seguro también se extiende a amparar los bienes descritos en ella cuando, aunque encontrándose dentro de los predios del asegurado, se encuentran fuera de los edificios, dentro de vehículos transportadores o en vehículos propios. Esta condición aplica para los bienes que por su naturaleza, uso, características y funcionalidad se encuentren y/o utilizen fuera de edificios y/o a la intemperie.
A50: Ampliación del plazo para aviso de no renovación o prórroga de la póliza. En el caso de que la aseguradora decida no otorgar renovación o prórroga del contrato de seguro, queda entendido, convenido y aceptado que la Aseguradora deberá dar aviso de ello al asegurado con no menos de noventa (90) días de antelación a la fecha de vencimiento de la póliza, en caso contrario se dará por entendido que la Aseguradora acepta la renovación o prorroga, previa autorización de la Entidad, hasta el límite legal establecido en la Ley 80 de 1993, para la adición de los contratos y manteniendo las mismas condiciones ofertadas en este proceso.
A51: Ampliación del plazo para aviso de revocación de la póliza. Debe contemplarse bajo esta cláusula que la póliza podrá ser revocada unilateralmente por la compañía, mediante noticia escrita certificada enviada al asegurado a su última dirección registrada, con una anticipación no menor de noventa (90) días; para la cobertura de AMIT Y AMCCOPH el aviso deberá producirse con una anticipación no menor a diez (10) días calendario. Los días de anticipación del aviso serán contados en juntos casos a partir de la fecha de recepción por parte del Asegurado de la noticia escrita certificada.
A52: Ampliación del plazo para aviso de siniestro. El Asegurado notificará todos los siniestros por vía telefónica, o por mensaje de telefax o e -mail lo más pronto posible, con no más de noventa días (90) días posteriores al conocimiento del incidente, pérdida o daño que pueda tener relación con este seguro. El aviso por escrito deberá contener como mínimo la siguiente información: *Localización del siniestro. *Fecha de la pérdida. *Descripción de lo ocurrido. La Aseguradora podrá inspeccionar los daños dentro de un lapso no mayor a tres (3) días calendario contados desde el día en que haya recibido el aviso, vencido este plazo el asegurado queda facultado para reparar los daños.
... A99: No aplicación de tabla de demérito para Equipos eléctricos y electrónicos, ni para maquinaria y equipos. Se entiende incluido dentro de la definición de Equipos eléctricos y electrónicos, el Equipo y Maquinaria con componentes eléctricos y/o electrónicos. De igual forma la definición de Daño Interno comprende los eventos amparados por Rotura de Maquinaria.
A100: Edad Equipo | C100: Porcentaje Anual | D100: Máximo Demérito
A101: De 0 a 5 años | C101: Cero (0) | D101: Cero (0)
A102: Superior a 5 años y hasta 8 años | C102: 0.04 | D102: 0.12
A103: Superior a 8 y hasta 10 años | C103: 0.06 | D103: 0.24
A104: Superior a 10 y hasta 12 años | C104: 0.08 | D104: 0.36
A105: Superior a 12 años en adelante | C105: 0.1 | D105: hasta el 50%
A106: Traslado temporal de bienes y/o equipos, incluye permanencia Sublímite de $1.000.000.000 y término de noventa (90) días. Las partes movibles de edificios y/o equipos y los demás bienes amparados que sean trasladados temporalmente a otro sitio dentro o fuera de los predios del asegurado para reparación, limpieza, renovación, acondicionamiento, revisión, mantenimiento o fines similares, deben ampararse por la póliza mientras que estén en montaje o desmontaje y durante el tiempo que permanezcan en otros sitios en el territorio de la República de Colombia, a partir de la fecha en que se inicie el traslado. La presente cobertura se extiende a amparar el tránsito y transporte dentro de los predios del DEPARTAMENTO DEL ATLÁNTICO. Excluye tránsito y transporte fuera de predios del Asegurado.
A107: No aplicación de infraseguro. Queda entendido, convenido y aceptado que el valor real del interés asegurado es el que se señala en la carátula de la póliza. Por lo tanto, en caso de ocurrir un siniestro amparado bajo la presente póliza, la aseguradora indemnizará la pérdida hasta el monto del valor real de la pérdida, sin hacer aplicación de la regla proporcional por infraseguro, de acuerdo a lo señalado por el artículo 1089 del código de comercio. La regla proporcional se aplicará, siempre y cuando la diferencia entre el valor asegurado y el valor asegurable, no sea superior al 10%.
A108: Valores globales sin relación de bienes. Queda entendido, convenido y aceptado que el valor real del interés asegurado es el que se señala en la carátula de la póliza. Por tal razón, la aseguradora no solicitará al asegurado la relación de bienes que conforma dicho monto.
A109: No aplicación de avance tecnológico para equipos adquiridos por el DEPARTAMENTO DEL ATLÁNTICO a partir del 1° de enero de 2006
A110: 8. Gastos Adicionales
A111: La póliza se extiende a amparar los siguientes gastos en que razonablemente incurra el DEPARTAMENTO DEL ATLÁNTICO - Estos gastos hacen parte del límite máximo de indemnización pactado. - Para los gastos relacionados a continuación no aplican deducibles: - Las condiciones a continuación relacionadas operan $500.000.000 y $2.000.000.000 por vigencia
A112: Archivos, escrituras y documentos. Bajo este amparo debe contemplarse el cubrimiento de los gastos demostrados en que incurra el asegurado, para la reproducción o reemplazo de la información contenida en documentos, manuscritos, planos, así como la reposición de archivos propios del negocio, la reconstrucción de cuentas por pagar, reconstrucción de recibos contables, formularios, recibos de impuestos y los demás documentos propios de la actividad y necesarios para el funcionamiento de el DEPARTAMENTO DEL ATLÁNTICO; siempre y cuando su daño sea consecuencia de los riesgos amparados por esta póliza; esta cobertura se extiende a los gastos de la trascripción y/o reconstrucción, incluyendo honorarios y demás gastos a que haya lugar. Sublimite $2.000.000.000 evento / Vigencia.
A113: Gastos adicionales por flete aéreo y/o flete expreso. Bajo esta cobertura, se debe contemplar la extensión del seguro a amparar los gastos extras en que incurra el asegurado, adicionales y en exceso a sus costos normales de operación, por concepto de flete expreso y aéreo en que se incurra con el único fin de poder continuar con igual eficiencia, como sea posible, las operaciones del giro normal de sus actividades que se vean afectadas directamente por un evento amparado bajo este seguro.
A114: Gastos de arrendamiento. Bajo esta cobertura, se debe contemplar la extensión del seguro a amparar los gastos adicionales y en exceso a sus costos normales de operación, hasta por doce (12) meses, para bienes, equipos, instalaciones y edificios tomados en calidad de arrendamiento, incluido el pago de servicios públicos y administración, con el único fin de poder continuar con igual eficiencia, como sea posible, las operaciones del giro normal de sus actividades que se vean afectadas directamente por un evento amparado bajo este seguro. Sublímite $500.000.000 por evento y en el agregado anual
A115: Gastos de auditores, revisores y contadores. La Aseguradora indemnizará bajo este amparo, los gastos en que incurra el asegurado, por pago de auditores, revisores y contadores que se requieran para analizar y certificar los datos extraídos de los libros de contabilidad y demás documentos propios de la actividad del asegurado, al igual que cualesquiera otras informaciones que sean solicitadas por la Aseguradora al asegurado, para la demostración de la ocurrencia y cuantía del siniestro, según lo establecido en esta póliza. Al 100%
A116: Gastos extraordinarios por tiempo extra, trabajo nocturno, trabajo en días feriados 100% de los gastos demostrados. Bajo esta cobertura, se debe contemplar la extensión del seguro a amparar los gastos extras en que incurra el asegurado, adicionales y en exceso a sus costos normales de operación, por concepto de tiempo extra, trabajo nocturno, trabajo en días feriados, con el único fin de poder continuar con igual eficiencia, como sea posible, las operaciones del giro normal de sus actividades que se vean afectadas directamente por un evento amparado bajo este seguro.
A117: Gastos para acelerar la reparación, reacondicionamiento o el reemplazo de los bienes asegurados 100% de los gastos demostrados.
... A151: 11. Medios de Procesamiento de Información significa cualquier propiedad asegurada por esta póliza en la que se puede almacenar la información, pero no la información en sí.
B152: DEDUCIBLES BÁSICOS OBLIGATORIOS
A153: El DEPARTAMENTO DEL ATLÁNTICO requiere oferta de cobertura con los siguientes deducibles, para los bienes y/o amparos y/o eventos, señalados a continuación y por lo tanto el proponente con la firma del FORMATO No. XXX CARTA DE ACEPTACIÓN DE LAS CONDICIONES TÉCNICAS BASICAS OBLIGATORIAS, acepta estas condiciones.
A154: Deducibles TERREMOTO 1% SOBRE EL VALOR ASEGURADO MINIMO 2 SMMLV AMIT Y HMACCOP 3% del valor de la perdida mínimo 2 SMMLV HURTO SIMPLE SIN DEDUCIBLE HURTO CALIFICADO SIN DEDUCIBLE EQUIPO ELÉCTRICO Y ELECTRÓNICO SIN DEDUCIBLE Demás Eventos SIN DEDUCIBLE
A163: Sustracción (Hurto Simple y Calificado) a máximo COP $ 2.000.000.000 por predio

Sheet AU
A1: FIDUCIARIA LA PREVISORA S.A. - FIDUPREVISORA
A3: PÓLIZA DE SEGURO DE AUTOMÓVILES | E3: PUNTOS ASIGNADOS | F3: MAPFRE SEGUROS S.A. | K3: QBE SEGUROS S.A.
F4: OTORGA | H4: FOLIO | I4: OBSER. | J4: PTOS OBTENIDOS | K4: OTORGA | M4: FOLIO | N4: OBSER. | O4: PTOS OBTENIDOS
F5: SI | G5: NO | K5: SI | L5: NO
A6: CONDICIONES BÁSICAS OBLIGATORIAS
A7: LA FIDUCIARIA LA PREVISORA S.A. - FIDUPREVISORA , requiere la presentación de ofertas con las condiciones que se detallan a continuación, las cuales se consideran requisito mínimo obligatorio, por ello no son objeto de asignación de puntaje y el no otorgamiento de la totalidad de las mismas dará lugar al rechazo de la propuesta de la presente póliza.
A8: 1. Objeto del Seguro:
A9: Amparar los daños y/o pérdidas que sufran los vehículos de propiedad o por los que sea legalmente responsable LA FIDUCIARIA LA PREVISORA S.A. - FIDUPREVISORA, así como los daños a bienes y/o lesiones y/o muerte de terceros, por causa de accidentes en territorio nacional.
A10: 2. Bienes e Intereses Asegurados
A11: Todo el parque automotor, de servicio oficial, particular y público, según relaciòn anexa y el valor asegurado indicado en la misma. Incluyendo accesorios y equipos especiales de los vehículos. VALOR ASEGURADO TOTAL $98,617,600
A12: 3. Coberturas
A13: Para aquellas cláusulas y/o condiciones adicionales para las que no se indique sublímite se entenderá que estas operan al 100%.
A14: COBERTURA BÁSICA
A15: Pérdida Total por Daños
A16: Pérdida Parcial por Daños
A17: Pérdida Parcial o Total por Hurto o Hurto Calificado
... A28: 4. Limites Asegurados Amparo Responsabilidad Civil Extracontractual
A29: Límites de Responsabilidad Civil Extracontractual: | D29: Básica
A30: Daños a Bienes de Terceros | D30: 500000000
A31: Muerte o Lesiones a una persona | D31: 500000000
A32: Muerte o Lesiones a dos o más Personas | D32: 1000000000
A33: 5. Valor asegurado Casco
A34: El valor asegurado para el inicio de la poliza, será el suministrado por la Entidad. Para efectos de la indemnización de pérdidas totales se tendrá en cuenta el valor de la tarifa FASECOLDA, más el valor de los accesorios, más el valor del blindaje en caso de poseerlo o como opción la reposición del vehículo
A35: 6. Clausulas y/o condiciones adicionales
A36: Para aquellas cláusulas y/o condiciones adicionales para las que no se indique sublímite se entenderá que estas operan al 100%.
A37: Cláusula de aplicación de condiciones particulares. Queda expresamente acordado y convenido, que la Compañía acepta las condiciones básicas técnicas establecidas en este anexo en los términos señalados en el mismo; por lo tanto, en caso de existir discrepancia entre los ofrecimientos contenidos en las CONDICIONES BASICAS TÉCNICAS HABILITANTES frente a la propuesta, los textos de los ejemplares de las pólizas,certificados, anexos o cualquier otro documento; prevalecerá la información y condiciones enunciadas en las CONDICIONESBASICAS TÉCNICAS HABILITANTES establecidas.
A38: Actos de autoridad La póliza cubre los daños o pérdidas materiales de los vehículos asegurados, causados directamente por la acción de la autoridad legalmente constituida, ejercida con el fin de disminuir o aminorar las consecuencias de cualquiera de los riesgos amparados por estapóliza
A39: Amparo automático de equipos y accesorios hasta por $10.000.000, con reporte de noventa (90 ) días. Bajo esta cláusula queda establecido, que los equipos adicionales tales como: radios, pasacintas CDS, aires acondicionados, equipos de radio, sonido, transmisión y demás equipos y/o accesorios adicionales o especiales, que sean instalados en los vehículos asegurados, quedan amparados automáticamente con las mismas coberturas contratadas bajo la presente póliza. Para los casos en que se requiera inspección posterior, ésta será llevada a cabo por la compañía en el sitio, fecha y hora en que indique la Entidad En los sitios donde no haya oficina de la aseguradora la compañía deberá desplazar al funcionario o inspector para que lleve a cabo la respectiva confrontación y verificación de datos de los equipos y/o accesorios.
A40: Amparo automatico de vehiculos nuevos o usados Limite de $200,000,000 y término de noventa (90 ) días. para aviso El Oferente debe señalar expresamente, que los vehículos automotores adquiridos o recibidos por la Entidad (excepto vehículos pesados), quedan automáticamente amparados bajo la presente póliza, siempre y cuando se notifique a la compañía dentro de los noventa (90 ) días siguientes a la fecha de recibo del vehículo y/o éste quede por cuenta del asegurado y/o a la fecha del comprobantde ingreso y/o acta de recibo. Para los casos en que la aseguradora requiera llevar a cabo la inspección del vehículo, ésta será llevada a cabo por la compañía en esitio, fecha y hora en que indique la Entidad En los sitios donde no haya oficina de la aseguradora, la compañía deberá desplazar al funcionario o inspector que lleve a cabo la respectiva inspección y verificación de datos del automotor.
A41: Amparo automático de vehículos omitidos en la relación inicial, con tèrmino de 90 dìas
A42: Ampliación del plazo para aviso de siniestro. El Asegurado notificará todos los siniestros por vía telefónica, o por mensaje de telefax o e -mail lo más pronto posible con nomás de noventa (90) días posteriores al conocimiento del incidente, pérdida o daño que pueda tener relación con este seguro
A43: Ampliación del plazo para aviso de no renovación o prórroga de la póliza En el caso de que la aseguradora decida no otorgar renovación o prorroga del contrato de seguro, queda entendido, convenido y aceptado que la Aseguradora deberá dar aviso de ello al asegurado con no menos de noventa (90) días de antelación a la fecha de vencimiento de la póliza, en caso contrario se dará por entendido que la Aseguradora acepta la renovación o prorroga, previa autorización de la Entidad, hasta el límite legal establecido en la Ley 80 de 1993, para la adición de los contratos y las condiciones de renovación o prórroga se estimarán y evaluarán de manera conjunta entre la Entidad y la Compañía de Seguros.
A44: Ampliación del plazo para aviso de revocación de la póliza: El Oferente debe contemplar bajo esta cláusula que la póliza podrá ser revocada unilateralmente por la compañía, mediante noticia escrita certificada enviada al asegurado a su última dirección registrada, con una anticipación no menor de noventa (90) días; para la cobertura de AMIT Y AMCCOPH el aviso deberá producirse con una anticipación no menor a diez (10) días calendario. Los días de anticipación del aviso serán contados en juntos casos a partir de la fecha de recepción por parte del Asegurado de la noticia escrita certificada.
... A77: Errores, Omisiones e Inexactitudes no intensionales

Sheet BBB
A1: FIDUCIARIA LA PREVISORA S.A. - FIDUPREVISORA
A3: PÓLIZA DE SEGURO GLOBAL BANCARIA | E3: PUNTOS ASIGNADOS | F3: MAPFRE SEGUROS S.A. | K3: QBE SEGUROS S.A.
F4: OTORGA | H4: FOLIO | I4: OBSER. | J4: PTOS OBTENIDOS | K4: OTORGA | M4: FOLIO | N4: OBSER. | O4: PTOS OBTENIDOS
F5: SI | G5: NO | K5: SI | L5: NO
A6: CONDICIONES BÁSICAS OBLIGATORIAS
A7: LA FIDUCIARIA LA PREVISORA S.A. - FIDUPREVISORA., requiere la presentación de ofertas con las condiciones que se detallan a continuación, las cuales se consideran requisito mínimo obligatorio, por ello no son objeto de asignación de puntaje y el no otorgamiento de la totalidad de las mismas dará lugar al rechazo de la propuesta de la presente póliza.
A8: Vigencia:
A9: 30 de Junio de 2012 al 30 de Junio de 2013
A10: Limite
A11: Alternativa Basica Obligatoria
A12: COP$150,000,000,000 toda y cada perdida y COP$300,000,000,000 en el agregado anual
A13: OPCIONES ADICIONALES CALIFICABLES: El proponente que otrogue la mayor alternativa se le otrogara el mayor puntaje para este ramo, los demas en forma proporcional
A14: Alternativa 2: COP$200,000,000,000 toda y cada y perdida y COP$400,000,000,000 en el agregado anual
A15: Alternativa 3: COP$250,000,000,000 toda y cada perdida y COP$500,000,000,000 en el agregado anual
A16: Asegurado
A17: Fiduciaria la Previsora S.A. y/o todas las compañías subsidiarias en las cuales el asegurado tiene un interes controlante, según esta establecido en el formulario de solicitud de seguro del asegurado.
... A119: Honorarios de auditores y gastos de inspecciones: Gastos incurridos por el asegurado por la parte del costo de las auditorías e inspecciones que exijan las autoridades de vigilancia nacionales o locales que realicen ya sea dicha autoridades o contadores independientes por razón del descubrimiento de pérdida sufrida por el asegurado por un acto deshonesto o fraudulento de cualquiera de sus Empleados.

Sheet D&O
A1: FIDUCIARIA LA PREVISORA S.A. - FIDUPREVISORA
A3: SEGURO DE RESPONSABILIDAD CIVIL DIRECTORES Y ADMINISTRADORES | F3: PUNTOS ASIGNADOS | G3: QBE SEGUROS S.A.
G4: OTORGA | I4: FOLIO | J4: OBSER. | K4: PTOS OBTENIDOS
G5: SI | H5: NO
A6: CONDICIONES BASICAS OBLIGATORIAS
A7: LA FIDUCIARIA LA PREVISORA S.A. - FIDUPREVISORA, requiere la presentación de ofertas con las condiciones que se detallan a continuación, las cuales se consideran requisito mínimo obligatorio, por ello no son objeto de asignación de puntaje y el no otorgamiento de la totalidad de las mismas dará lugar al rechazo de la propuesta de la presente póliza.
A8: Vigencia del Seguro
A9: Desde Junio 30 de 2012 hasta Junio 30 de 2013
A10: Tomador
A11: FIDUCIARIA LA PREVISORA S.A. - FIDUPREVISORA
A12: Ambito Territorial
A13: Colombia
A14: Jurisdiccion
A15: Colombia
A16: Tipo
A17: RCP-015-1 Póliza de Seguro de Responsabilidad Civil - Directores y Administradores Condiciones Texto HT&A
... A23: OPCIONES ADICIONALES CALIFICABLES: El proponente que otrogue la mayor alternativa se le otrogara el mayor puntaje para este ramo, los demas en forma proporcional
A24: DETRIMENTOS PATRIMONIALES | B24: Cargos Asegurados | C24: Limite y Sublimite
C25: Alternativa No 1 | D25: Alternativa No 2 | E25: Alternativa No 3
B26: *Listado de Cargos Asegurados o Cargos con Perfil de Director o Administrador | C26: 4000000000 | D26: 5000000000 | E26: 6000000000
A27: GASTOS DE DEFENSA | B27: En el Agregado Anual | C27: Alternativa No 1 | D27: Alternativa No 2 | E27: Alternativa No 3
B28: Primera Capa de $0 a $750,000,000,000 | C28: $60,000,000 Proceso/Persona / Cargo | D28: $70,000,000 Proceso / Persona / Cargo | E28: $90,000,000 Proceso / Persona / Cargo
B29: Segunda Capa de $750,000,000 a $1,500,000,000
A30: Nota: El valor asegurado para gastos de defensa sera de $1.500.000.000 sin importar la alternativa que se otorgue, el resto se destinara a la cobertura basica de detrimento patrimonial
A31: Base de Cobertura
A32: Prinicipio de presentacion de reclamacion (Claims Made)
A33: Asegurados
A34: Miembros de la junta directiva y administradores del asegurado de acuerdo con los terminos y condiciones de la poliza de la Compañía de Seguros
A35: Asegurado: Cualquier persona de la FIDUPREVISORA que tenga interes asegurable
A36: Coberturas Basicas
A37: Responsabilidad civil Directores y Administradores
A38: Reembolso Cooperativo
A39: Extension de Cobertura Responsabilidad Físcal $2,000,000,000 por toda y cada una perdida y en el agregado anual
A40: Perjuicio financiero por contaminación incluida sublimitada a $300,000,000, dicho sublimite sera parte y no en adicion al limite maximo de responsabilidad
A41: Reclamaciones de cáracter laboral
... A98: Renovación o prórroga de la póliza, con termino de noventa (90) días. En el caso de que la aseguradora decida no otorgar renovación o prorroga del contrato de seguro, deberá dar aviso de ello al asegurado con no menos de noventa (90) días de antelación a la fecha de vencimiento de la póliza, en caso contrario se dará por entendido que la Aseguradora acepta la renovación o prorroga, previa autorización de la FIDUPREVISORA , hasta el límite legal establecido en la Ley 80 de 1993, para la adición de los contratos y manteniendo las mismas condiciones ofertadas en este proceso.

Sheet MANEJO
A1: FIDUCIARIA LA PREVISORA S.A. - FIDUPREVISORA
A3: PÓLIZA DE SEGURO GLOBAL DE MANEJO PARA ENTIDADES OFICIALES | E3: PUNTOS ASIGNADOS | F3: MAPFRE SEGUROS S.A. | K3: QBE SEGUROS S.A.
F4: OTORGA | H4: FOLIO | I4: OBSER. | J4: PTOS OBTENIDOS | K4: OTORGA | M4: FOLIO | N4: OBSER. | O4: PTOS OBTENIDOS
F5: SI | G5: NO | K5: SI | L5: NO
A6: CONDICIONES BÁSICAS OBLIGATORIAS
A7: LA FIDUCIARIA LA PREVISORA S.A. - FIDUPREVISORA., requiere la presentación de ofertas con las condiciones que se detallan a continuación, las cuales se consideran requisito mínimo obligatorio, por ello no son objeto de asignación de puntaje y el no otorgamiento de la totalidad de las mismas dará lugar al rechazo de la propuesta de la presente póliza.
A8: 1. Objeto del Seguro:
A9: Amparar los riesgos que impliquen menoscabo de los fondos o bienes de LA FIDUCIARIA LA PREVISORA S.A. - FIDUPREVISORA., causados por acciones y omisiones de sus servidores, que incurran en delitos contra la administración pública o en alcances fiscales por incumplimiento de las disposiciones legales y reglamentarias, incluyendo el costo de la rendición o reconstrucción de cuentas en caso de abandono del cargo o fallecimiento del empleado o funcionario.
A10: 2. Modalidad de Cobertura:
A11: Se cubrirán los reclamos ocurridos durante la vigencia de la póliza.
A12: 3. Jurisdiccion
A13: Colombiana.
A14: 4. Limite Territorial
A15: Colombia
A16: 5. Presupuesto Anual
A18: 6. Limite asegurado Evento/Vigencia
... A69: Restablecimiento automático del límite asegurado por pago de siniestro hasta una vez con cobro de prima adicional a prorrata.

Sheet AUTOS
A1: =TRDM!A1 -> ANEXO 1
A2: =TRDM!A2 -> CONDICIONES TÉCNICAS BÁSICAS OBLIGATORIAS
A3: =TRDM!A3 -> DEPARTAMENTO DEL ATLÁNTICO
A4: AUTOMÓVILES
A6: CONDICIONES BÁSICAS OBLIGATORIAS
A7: El DEPARTAMENTO DEL ATLÁNTICO requiere la presentación de ofertas con las condiciones que se detallan a continuación, las cuales se consideran requisito mínimo obligatorio, por ello no son objeto de asignación de puntaje y el no otorgamiento de la totalidad de las mismas dará lugar al rechazo de la propuesta de la presente póliza.
A8: 1. Objeto del Seguro:
A9: Amparar los daños y/o pérdidas que sufran los vehículos de propiedad o por los que sea legalmente responsable el DEPARTAMENTO DEL ATLÁNTICO, así como los daños a bienes y/o lesiones y/o muerte de terceros, por causa de accidentes en territorio nacional.
A10: Vigencia: Desde las 24:00 horas de la fecha de adjudicación del proceso hasta la terminación de la vigencia ofrecida.
A11: 2. Bienes e Intereses Asegurados
A12: Todo el parque automotor, de servicio oficial, particular y público, según relación anexa y el valor asegurado indicado en la misma, incluyendo accesorios y equipos especiales de los vehículos. VALOR ASEGURADO SEGÚN GUÍA FASECOLDA.
A13: 3. Coberturas
A14: Para aquellas cláusulas y/o condiciones adicionales para las que no se indique sublímite se entenderá que estas operan al 100%.
A15: COBERTURA BÁSICA
A16: Pérdida Total por Daños
... A28: 4. Limites Asegurados Amparo Responsabilidad Civil Extracontractual-Automóviles
A29: Límites de Responsabilidad Civil Extracontractual: | D29: Básica
A30: Daños a Bienes de Terceros | D30: 2500000000
A31: Muerte o Lesiones a una persona | D31: 2500000000
A32: Muerte o Lesiones a dos o más Personas | D32: 5000000000
A33: 4.1 Límites Asegurados Amparo Responsabilidad Civil Extracontractual-Motocicletas
A34: Límites de Responsabilidad Civil Extracontractual: | D34: Básica
A35: Daños a Bienes de Terceros | D35: 500000000
A36: Muerte o Lesiones a una persona | D36: 500000000
A37: Muerte o Lesiones a dos o más Personas | D37: 1000000000
A38: 4.2 Límites Asegurados Amparo Responsabilidad Civil Extracontractual-Pesados
A39: Límites de Responsabilidad Civil Extracontractual:
A40: Daños a Bienes de Terceros | D40: 400000000
A41: Muerte o Lesiones a una persona | D41: 400000000
A42: Muerte o Lesiones a dos o más Personas | D42: 800000000
A43: VALOR ASEGURADO PARQUE AUTOMOTOR: SEGÚN RELACIÓN | D43: 5758540000
A44: Cláusula de aplicación de condiciones particulares. Queda expresamente acordado y convenido, que la Compañía acepta las condiciones técnicas básicas establecidas en este anexo en los términos señalados en el mismo; por lo tanto, en caso de existir discrepancia entre los ofrecimientos contenidos en las CONDICIONES TÉCNICAS BÁSICAS OBLIGATORIAS frente a la propuesta, los textos de los ejemplares de las pólizas, certificados, anexos o cualquier otro documento, prevalecerá la información y condiciones enunciadas en las CONDICIONES TÉCNICAS BÁSICAS OBLIGATORIAS establecidas.
A45: Actos de autoridad La póliza cubre los daños o pérdidas materiales de los vehículos asegurados, causados directamente por la acción de la autoridad legalmente constituida, ejercida con el fin de disminuir o aminorar las consecuencias de cualquiera de los riesgos amparados por esta póliza. Se excluye el embargo y confiscación
A46: Amparo automático de equipos y accesorios hasta por $40.000.000, con reporte de ciento veinte (120) días. Bajo esta cláusula queda establecido, que los equipos adicionales tales como: radios, pasacintas CDS, aires acondicionados, equipos de radio, sonido, transmisión y demás equipos y/o accesorios adicionales o especiales, que sean instalados en los vehículos asegurados, quedan amparados automáticamente con las mismas coberturas contratadas bajo la presente póliza. Para los casos en que se requiera inspección posterior, ésta será llevada a cabo por la compañía en el sitio, fecha y hora en que indique la Entidad. En los sitios donde no haya oficina de la aseguradora, la compañía deberá desplazar al funcionario o inspector para que lleve a cabo la respectiva confrontación y verificación de datos de los equipos y/o accesorios.
A47: Amparo automático de vehículos nuevos o usados. Límite de $505.000.000 y término de ciento veinte (120) días para aviso El Oferente debe señalar expresamente, que los vehículos automotores adquiridos o recibidos por la Entidad (excepto vehículos pesados), quedan automáticamente amparados bajo la presente póliza, siempre y cuando se notifique a la compañía dentro de los noventa (90 ) días siguientes a la fecha de recibo del vehículo y/o éste quede por cuenta del asegurado y/o a la fecha del comprobantde ingreso y/o acta de recibo. Sin perjuicio de lo anterior, tratandose de vehiculos usados sin seguro vigente o en los casos en que la aseguradora requiera llevar a cabo la inspección del vehículo, ésta será llevada a cabo por la compañía en el sitio, fecha y hora en que indique la Entidad. En los sitios donde no haya oficina de la aseguradora, la compañía deberá desplazar al funcionario o inspector que lleve a cabo la respectiva inspección y verificación de datos del automotor.
A48: Amparo automático de vehículos omitidos en la relación inicial, con término de 90 días
A49: Ampliación del plazo para aviso de siniestro. El Asegurado notificará todos los siniestros por vía telefónica, o por mensaje de telefax o e -mail lo más pronto posible con no más de noventa (90) días posteriores al conocimiento del incidente, pérdida o daño que pueda tener relación con este seguro.
A50: Ampliación del plazo para aviso de no renovación o prórroga de la póliza En el caso de que la aseguradora decida no otorgar renovación o prórroga del contrato de seguro, queda entendido, convenido y aceptado que la Aseguradora deberá dar aviso de ello al asegurado con no menos de noventa (90) días de antelación a la fecha de vencimiento de la póliza, en caso contrario se dará por entendido que la Aseguradora acepta la renovación o prórroga, previa autorización de la Entidad, hasta el límite legal establecido en la Ley 80 de 1993, para la adición de los contratos y las condiciones de renovación o prórroga se estimarán y evaluarán de manera conjunta entre la Entidad y la Compañía de Seguros.
A51: Ampliación del plazo para aviso de revocación de la póliza: El Oferente debe contemplar bajo esta cláusula que la póliza podrá ser revocada unilateralmente por la compañía, mediante noticia escrita certificada enviada al asegurado a su última dirección registrada, con una anticipación no menor de noventa (90) días; para la cobertura de AMIT Y AMCCOPH el aviso deberá producirse con una anticipación no menor a diez (10) días calendario. Los días de anticipación del aviso serán contados en juntos casos a partir de la fecha de recepción por parte del Asegurado de la noticia escrita certificada.
A52: Ampliación del radio de operaciones para el amparo en los países del Pacto Andino excluyendo Venezuela
A53: Aplicación de la misma tasa o descuento a nuevas inclusiones.
A54: Autorización de reparaciones del vehículo dentro de los dos (2) días siguientes a la fecha de presentada la reclamación
A55: Autorización de reparaciones en caso de siniestro en concesionarios especializados y autorizados según la marca del vehículo afectado incluyendo las autorizaciones en talleres con los cuales la entidad tenga contratos de mantenimiento de vehículos y pertenezcan a la red de talleres de la compañía.
... A83: DEDUCIBLES: NO APLICACIÓN DEL DEDUCIBLE

Sheet RCE
A1: =TRDM!A1 -> ANEXO 1
A2: =TRDM!A2 -> CONDICIONES TÉCNICAS BÁSICAS OBLIGATORIAS
A3: =TRDM!A3 -> DEPARTAMENTO DEL ATLÁNTICO
A4: RESPONSABILIDAD CIVIL EXTRACONTRACTUAL
A6: CONDICIONES BÁSICAS OBLIGATORIAS
A7: El DEPARTAMENTO DEL ATLÁNTICO requiere la presentación de ofertas con las condiciones que se detallan a continuación, las cuales se consideran requisito mínimo obligatorio, por ello no son objeto de asignación de puntaje y el no otorgamiento de la totalidad de las mismas dará lugar al rechazo de la propuesta de la presente póliza.
A8: 1. Objeto del Seguro:
A9: Amparar los perjuicios patrimoniales y extrapatrimoniales que sufra el DEPARTAMENTO DEL ATLÁNTICO, con motivo de la responsabilidad civil extracontractual, en que incurra o le sea imputable de acuerdo con la ley colombiana, por lesiones, menoscabo en la salud o muerte de personas; y/o deterioro, destrucción o pérdida de bienes de terceros; y/o perjuicios económicos, incluyendo lucro cesante y daño moral como consecuencia directa de tales daños personales y/o daños materiales, causados durante el giro normal de sus actividades.
A10: Vigencia:
A11: 2. Tomador / Asegurado / Beneficiario
A12: Tomador y Asegurado: DEPARTAMENTO DEL ATLÁNTICO Beneficiarios: Víctimas y/o Terceros afectados
A13: 3. Modalidad de Cobertura
A14: Ocurrencia: Se cubren todos los perjuicios que se generen durante la vigencia del seguro, sin tener en consideración la fecha en la cual sean reclamados por los afectados y/o víctimas (Según los requisitos de ley)
A15: 4. Jurisdicción
A16: Colombiana
... A19: 6. Límite asegurado Evento/Vigencia
A20: $ 2.505.000.000 Por evento/ vigencia | D20: 600000000
A21: 7. Información Adicional
A22: Valor promedio nómina mensual: $ Dos mil cuatrocientos noventa y nueve millones quinientos sesenta y tres mil ochocientos ochenta y tres pesos M/CTE ($2.499.563.883)
A23: Número de empleados: 450
A24: 8. Tipo de Cobertura
A25: Todo riesgo de responsabilidad civil extracontractual para amparar los daños materiales y/o lesiones o muerte causadas por el DEPARTAMENTO DEL ATLÁNTICO, a terceros durante el giro normal de sus actividades por cualquier causa, salvo los eventos expresamente excluidos.
A26: 9. Cobertura
A27: La compañía se obliga a indemnizar, los perjuicios patrimoniales y extrapatrimoniales que cause el asegurado con motivo de la responsabilidad civil extracontractual en que incurra de acuerdo con la ley colombiana, por hechos imputables al asegurado, que causen la muerte, lesión o menoscabo en la salud de las personas (daños personales) y/o el deterioro o destrucción de bienes (daños materiales) y perjuicios económicos, incluyendo lucro cesante y perjuicios extrapatrimoniales, como consecuencia directa de tales daños personales y/o daños materiales,causados durante el giro normal de sus actividades.
A28: Cobertura de Predios, labores y operaciones (PLO) incluyendo, pero no limitado a:
A29: Actividades de cargue, descargue y transporte de bienes, incluyendo eventualmente los azarosos e inflamables.
A30: Actividades deportivas, culturales y sociales dentro y fuera de los predios del asegurado
A31: Participación del asegurado en ferias y exposiciones nacionales e internacionales.
A32: Avisos, vallas y letreros dentro y fuera de predios, sean o no instalados por el asegurado
... A89: Teniendo en cuenta que en las condiciones la oferta de Coberturas Básicas de este seguro contempla la condición de NO APLICACIÓN DE DEDUCIBLE, el proponente con la firma del FORMATO No. XX CARTA DE ACEPTACIÓN DE LAS CONDICIONES TÉCNICAS MÍNIMAS, acepta el otorgamiento de la cobertura, sin aplicación de deducible en caso de siniestro que afecte cualquiera de las coberturas contratadas bajo esta póliza

Sheet HyC
A3: PÓLIZA DE SEGURO DE HOSPITALIZACION Y CIRUGIA
A6: 1. GASTOS HOSPITALARIOS
A7: (Tto. Quirugico, Pequeña Cirugia, Traumatología, Ortopedia, Casos de la Maternidad, transplante de órganos y SIDA) | B7: VALOR RENOVACION | C7: DEDUCIBLE | D7: CONDICIONES ESPECIALES
A8: A. POR HABITACIÓN HOSPITALARIA (Sin excedentes a alto Costo)
A9: Sin limite de dias, incluído el servicio ordinario de enfermeria y dietas hasta | D9: Ilimitado en red, No tiene cobertura por el rubro de excedentes.
A10: A.1 Cama de Acompañante hasta 30 turnos, cada uno a | B10: 52300 | C10: 0 | D10: Por cada noche
A11: A.2 Enfermera Especial hasta 30 turnos ( uno diario ) a | B11: 52300 | C11: 0 | D11: Por cada turno
A12: A.3 Unidad de Cuidados Intensivos hasta 10 días cada uno máximo hasta | B12: 428700 | C12: 0 | D12: El excedente se indemniza por el rubro de Excedentes
A13: B. POR SERVICIOS HOSPITALARIOS | B13: 1428800 | C13: 0 | D13: POR ADMISION, los excedentes se indemnizan por EL RUBRO DE EXCEDENTES.
A14: 2. HONORARIOS MEDICOS
A15: (Tto. Quirugico, Pequeña Cirugia, Traumatología, Ortopedia, Casos de la Maternidad, transplante de órganos y SIDA)
A16: A. POR CIRUGIA (Excedentes a Alto Costo) | B16: 1190000 | D16: POR ADMISION , los excedentes se indemnizan por EL RUBRO DE EXCEDENTES.
A17: B. POR ANESTESIA
A18: Hasta el 40% de los honorarios correspondientes al cirujano, máximo | B18: 477000
A19: C. POR AYUDANTIA QUIRURGICA
A20: Hasta el 25% de los honorarios correspondientes al cirujano, máximo | B20: 297900
A21: D. POR TRATAMIENTO MÉDICO HOSPITALARIO
A22: Hasta 25 visitas, y en caso de afecciones múltiples, máximo hasta 40 visitas
A23: D.1. Médicos Adscritos, valor convenio Aseguradora
A24: D.2. Médicos No Adscritos (autorización Institucional o por reembolso), máximo hasta | B24: 68600
A25: 3. GASTOS NO HOSPITALARIOS
A26: A. HONORARIOS POR CONSULTAS O VISITAS PRE Y POST-HOSPITALARIAS
A27: A.1. Visitas o consultas prehospitalarias o prequirúrgicas, máximo hasta dos (2) | B27: 68600
A28: A.2. Máximo una (1) visita post-hospitalaria de control, | B28: 68600
A29: A.2.2 Médico no adscrito (por reembolso) | B29: 68600
A30: A.3 Visitas psiquiátricas | D30: Para Ttos hospitalarios de transtronos de origen mental y/o psiquiátrico. Se indemnizarán hasta 30 días person/año/vigencia no acumulabe de un año a otro.
A31: B. Gastos del Recién Nacido hasta | B31: 109600 | D31: No tiene cobertura por el rubro de excedentes
A32: 4. EXAMENES ESPECIALES PARA DIAGNOSTICO, RX y LABORATORIOS
A33: EXAMENES ESPECIALES DE DIAGNOSTICO | B33: 848000 | C33: 30000 | D33: Esta cobertura es por persona al año, deducible por orden médica, autorización con pertinencia médica. Sin aplicación de tabla de clasificación y sin períodos de carencia.
A34: EXAMENES SIMPLES Y LABORATORIOS | B34: 212000 | C34: 20000 | D34: Esta cobertura es por persona al año, deducible por orden médica, autorización con pertinencia médica.
A35: 5.OTRAS COBERTURAS
A36: I. AUXILIO DE MATERNIDAD | D36: Presentar copia de la Historia Clínica de la EPS y el Registro Civil de Nacimiento, o registro de nacido vivo. Se paga por partos o cesareas atendidos por EPS, siempre que la usuaria tenga el derecho a la cobertura de maternidad. Todas las ususrias del contrato tienen cobertura de maternidad con periodo de carencia de 30 dias.
A39: Para partos o cesareas atendidos por EPS | B39: 822000 | C39: 0
A40: II. TERAPIAS físicas, respiratorias, del lenguaje, ocupacionales, opticas y | D40: Para tratamientos objeto de cobertura de la póliza, unicamente derivadas de hospitalización o cirugia
A41: Máximo hasta treinta (30) sesiones por año de vigencia (indispensable el Diagnóstico claro en la solicitud)
B42: 24300
A43: III. URGENCIAS | B43: 400000 | C43: 50000 | D43: Valor máximo por asegurado, por urgencia.
A45: Consulta Domiciliaria
A46: Consulta Prioritaria
A47: IV. COBERTURA DE CANCER | B47: 4108000 | C47: 0 | D47: Valor máximo asegurado por persona, por año de vigencia. Incluye radio, cobalto, braqui, quimio, hormono e inmunoterapia, específicas para el cáncer. Si se generan excedentes, se indemnizarán por LA COBERTURA DE EXEDENTES
A48: V. CONSULTA MÉDICA | D48: Cobertura para todos los beneficiarios de la póliza. Cubre consultas con Médico General, Especialista incluido psicología, nutrición, optometría, En Red Adscrita a Aseguradora, autorizadas por la Línea Médica.
A49: Máximo hasta diez(10) consultas al año por persona, hasta | B49: 50000 | C49: 20000
A50: ÚNICAMENTE EN RED Aseguradora
A52: VI. MEDICAMENTOS COMERCIALES
A53: Valor máximo al año por asegurado | B53: 428000 | C53: 20% minimo $35,000 | D53: Cubre a todos los beneficiarios de la póliza. No se reconocerán los complementos alimenticios, los complementos vitamínicos, ni medicamentos con fines estéticos o de embellecimiento. Cubre complementos vitaminicos únicamente para maternas.
A54: Deducible por Fórmula médica a Cargo del Asegurado
A55: VII. EXCEDENTES DE SERVICOS Y HONORARIOS | D55: Para Excedentes de Servicios Hospitalarios, UCI y cáncer (para valores superados de quimio y radioterapia). NUNCA aplica como excedentes para coberturas ambulatorios. Bajo esta cobertura se amparan también excedentes de
A56: Valor máximo al año por asegurado | B56: 34000000 | C56: 0.2
A58: VIII. COBERTURA DE EXEQUIAS (Por asegurado al año - de carácter indemnizatorio | B58: 3400000 | C58: 0 | D58: Para su pago se debe presentar certificado de defunsión , si el fallecido es el asegiurado principal se pagará a el familiar que demuestre haber sufragado los gastos con las facturas originales debidamente canceladas.
A59: IX. Ambulancia: | B59: 1 | D59: Para servicios hospitalarios, inerhospitalarios y derivada de consulta domiciliaria.
A60: CONDICIONES ESPECIALES DE SUSCRIPCIÓN | D60: Edad de ingreso : 1 día de nacido y hasta los 59 años. Se solicitaran examenes medicos de ingreso y para clínicos a todos los asegurados mayores de 50 años; ecografia pelvica, mamografia y citologia a todas las usuarias mayores de 50 años; y los examenes que la compañía considere necesarios de acuerdo a la evaluación; la compañía se reserva el derecho de aceptar el riesgo. Estos exámenes corren por cuenta de la Aseguradora.
A61: PRIMAS ANUALES
A62: GRUPO ASEGURADO BASICO:
A63: ASEGURADO PRINCIPAL
A64: FAMILIA Casado (Conyuge e Hijos hasta 25 bajo contancia de estudios)
A65: FAMILIA Soltero (Padres)
A66: ADICIONAL DEL PERSONAL CASADO
A67: UN PROGENITOR
A68: DOS PROGENITORES
A69: Pte definir con la Entidad: Restricción de red: los usuarios de Fiduprevisora no tendrán servicios contratados en las siguientes instituciones:
A70: En Bogotá: Clínica del Country, Fundación Santa fe, Clínica de la Mujer.
A71: En Cali: Centro Médico Imbanaco, Clínica Valle de Lili.
A72: En Medellín: Clínica las Américas, Clínica Medellín, Hospital Pablo Tobon Uribe
A73: En Barranquilla Clínica Caribe. Clínica la asunción

Sheet VIDA
A1: FIDUCIARIA LA PREVISORA S.A. - FIDUPREVISORA
A3: PÓLIZA DE SEGURO VIDA GRUPO
A4: CONDICIONES BÁSICAS OBLIGATORIAS
A5: LA FIDUCIARIA LA PREVISORA S.A. - FIDUPREVISORA, requiere la presentación de ofertas con las condiciones que se detallan a continuación, las cuales se consideran requisito mínimo obligatorio, por ello no son objeto de asignación de puntaje y el no otorgamiento de la totalidad de las mismas dara lugar al rechazo de la propuesta de la presente poliza.
A6: Grupo Asegurado: Todas las personas vinculadas mediante contrato de trabajo con la entidad tomadora, siempre y cuando tengan su residencia permanente en la república de Colombia y se encuentren en buen estado de salud de acuerdo con lo consignado en la cláusula de amparo automático. Según relación de asegurados adjunta
A7: Siniestralidad: Ultimos tres años - Cero 0
A8: Modalidad: No contributiva
A9: Valores asegurados:
A10: Presidente y Vicepresidentes: $70.000.000. Directivos: $50.000.000. Auxiliares, Técnicos, Profesionales y Ejecutivos $30.000.000.
A11: Amparos
A12: Muerte por cualquier causa, incluye homicidio (Incluido atraco), suicidio, terrorismo y SIDA (siempre y cuando no sea preexistencia) desde el primer día de vigencia de la póliza. Límite Asegurado 100% del valor asegurado
A13: Incapacidad total y permanenente por accidente o enfermedad, incluyendo lesiones por intento de suicidio y homicidio. Límite Asegurado 100% del valor asegurado
... A59: TASA UNICA POR MIL FULL AMPAROS, APLICADA SOBRE EL AMPARO BASICO

Sheet   MANEJO
A1: =TRDM!A1 -> ANEXO 1
A2: =TRDM!A2 -> CONDICIONES TÉCNICAS BÁSICAS OBLIGATORIAS
A3: =TRDM!A3 -> DEPARTAMENTO DEL ATLÁNTICO
A4: MANEJO
A6: CONDICIONES BÁSICAS OBLIGATORIAS
A7: El DEPARTAMENTO DEL ATLÁNTICO requiere la presentación de ofertas con las condiciones que se detallan a continuación, las cuales se consideran requisito mínimo obligatorio, por ello no son objeto de asignación de puntaje y el no otorgamiento de la totalidad de las mismas dará lugar al rechazo de la propuesta de la presente póliza.
A8: 1. Objeto del Seguro:
A9: Amparar los riesgos que impliquen menoscabo de los fondos o bienes del DEPARTAMENTO DEL ATLÁNTICO, causados por acciones y omisiones de sus servidores, que incurran en delitos contra la administración pública o en responsabilidad fiscal por incumplimiento de las disposiciones legales y reglamentarias, incluyendo el costo de la rendición o reconstrucción de cuentas, en caso de abandono del cargo o fallecimiento del empleado o funcionario.
A10: =TRDM!A10 -> Vigencia:
A11: 2. Modalidad de Cobertura:
A12: Se cubrirán los reclamos ocurridos durante la vigencia de la póliza.
A13: 3. Jurisdicción
A14: Colombiana.
A15: 4. Límite Territorial
A16: Colombia
A17: 5. Límite asegurado Evento/Vigencia
A18: $400.000.000 toda y cada pérdida en el agregado anual
A19: 7. Coberturas
A20: Delitos contra el patrimonio económico
A21: Delitos contra la administración pública
A22: Responsabilidad fiscal
... A47: Determinación de la pérdida indemnizable. El Oferente debe contemplar en forma expresa que la determinación del valor de la pérdida indemnizable de bienes, se efectuará con base en cotizaciones de bienes de la misma clase, capacidad, tipo y marca o de las características más similares que ofrezca el mercado. En caso de que en el mercado no existan bienes de las mismas o similares características, la determinación se efectuará con base en la (s) alternativa (s) de reemplazo que presentará el asegurado.
A48: Faltantes de inventario: El oferente ofrecerá la cobertura para los faltantes de inventarios atribuibles a funcionarios de la Entidad siempre y cuando tales pérdidas sean consecuencia de delitos amparados en este seguro. 35% del límite total Asegurado | E48: ojo
A49: Modificación de condiciones. Los proponentes deben contemplar bajo esta cláusula que los cambios o modificaciones a las condiciones de la presente póliza serán acordados mutuamente entre la compañía y el asegurado. El certificado, documento o comunicaciones que se expidan para formalizarlos debe ser firmado, en señal de aceptación, por un representante legal del asegurado o funcionario autorizado, prevaleciendo sobre las condiciones de esta póliza.
A50: Modificación en la denominación de cargos. Queda entendido, convenido y aceptado que si durante la vigencia de la presente póliza se presentan cambio(s) de denominaciones a cargos, éstos se consideran automáticamente incorporados en la póliza, aviso 120 días.
A51: Modificaciones a favor del asegurado. Los cambios o modificaciones a las condiciones de la presente póliza, serán acordados mutuamente entre la compañía y el asegurado. No obstante, si durante la vigencia de la póliza se presentan modificaciones en las condiciones del seguro, legalmente aprobadas y que representen un beneficio a favor del asegurado, tales modificaciones se consideran automáticamente incorporadas
A52: Pago de la indemnización. Los oferentes deben contemplar en caso de siniestro, que el asegurado se reserva el derecho de solicitar a la compañía de seguros el pago de la indemnización, mediante la reparación, y/o reposición del bien o bienes afectados, o mediante giro a los contratistas y/o proveedores de servicios o suministro de éstos u otros similares con los cuales la Entidad, decida reemplazarlos, y la compañía, a petición escrita de la Entidad Asegurada, efectuará el pago de la indemnización, hasta el monto de su responsabilidad, bajo estas condiciones.
A53: Revocación por parte del asegurado sin penalización (Liquidación a corto plazo) El Oferente debe contemplar bajo esta cláusula que la póliza podrá ser revocada unilateralmente por el Asegurado en cualquier momento de la vigencia del seguro, mediante noticia escrita enviada a su dirección comercial o a su última dirección registrada. La prima de seguro no devengada será liquidada a prorrata.
A54: Variaciones del riesgo. El oferente debe autorizar a la Entidad para efectuar las modificaciones dentro del riesgo que juzgue necesarias para el funcionamiento de su actividad o negocio. Cuando tales modificaciones varíen sustancial, objetiva y materialmente los riesgos conocidos y aceptados por el Oferente, la Entidad estará obligada a avisar de ellas por escrito a la Aseguradora dentro de los noventa (90) días comunes contados a partir del inicio de estas modificaciones, sí éstos constituyen agravación de los riesgos cubiertos por la póliza.
A55: Modificaciones a cargos.
A56: 9. Gastos Adicionales
A57: La póliza se extiende a amparar los siguientes gastos en que razonablemente incurra la Entidad - Estos gastos no se encuentran contenidos en el límite máximo de indemnización pactado. - Para los gastos relacionados a continuación no aplican deducibles: - Las condiciones a continuación relacionadas operan al 100% del valor demostrado por la Entidad
A58: No aplicación de la cláusula de compensación
A59: Costos de reconstrucción de libros y registros contables.
A60: Gastos de horas extras, trabajo nocturno o en días festivo, flete expreso y flete aéreo. Bajo esta cobertura se amparan los gastos adicionales y extraordinarios por concepto de horas extras, trabajo nocturno o en días festivos, flete expreso y flete aéreo, que se incurran con motivo de una pérdida o daño amparado.
... A68: Teniendo en cuenta que en las condiciones la oferta de Coberturas Básicas de este seguro contempla la condición de NO APLICACIÓN DE DEDUCIBLE, el proponente con la firma del FORMATO No. XX CARTA DE ACEPTACIÓN DE LAS CONDICIONES TÉCNICAS MÍNIMAS, acepta el otorgamiento de la cobertura, sin aplicación de deducible en caso de siniestro que afecte cualquiera de las coberturas contratadas bajo esta póliza

Sheet Hoja1

Sheet CASCO
A1: =TRDM!A1 -> ANEXO 1
A2: =TRDM!A2 -> CONDICIONES TÉCNICAS BÁSICAS OBLIGATORIAS
A3: =TRDM!A3 -> DEPARTAMENTO DEL ATLÁNTICO
A4: CASCO BARCO
A6: CONDICIONES BÁSICAS OBLIGATORIAS
A7: El DEPARTAMENTO DEL ATLÁNTICO requiere la presentación de ofertas con las condiciones que se detallan a continuación, las cuales se consideran requisito mínimo obligatorio, por ello no son objeto de asignación de puntaje y el no otorgamiento de la totalidad de las mismas dará lugar al rechazo de la propuesta de la presente póliza.
A8: 1. Objeto del Seguro:
A9: Amparar las pérdidas o daños materiales que sufra el equipo marítimo y fluvial y demás embarcaciones de propiedad del DEPARTAMENTO DEL ATLÁNTICO, y/o bajo su responsabilidad.
A10: =TRDM!A10 -> Vigencia:
A11: 2. Bienes e Intereses Asegurados
A12: El equipo marítimo y fluvial de propiedad del DEPARTAMENTO DEL ATLÁNTICO, que se halle bajo su responsabilidad, tenencia y/o control, y en general los recibidos a cualquier título o por los que tenga algún interés asegurable y consistente principalmente en: botes, lanchas, planchones, motores fuera de borda y sus accesorios. EMBARCACIONES SEGÚN LISTADO ADJUNTO.
A13: 3. Valor Asegurado
A14: Según anexo de inventarios Valor embarcaciones $764.414.918. PANDI: $200.000.000
A15: 4. Coberturas Básicas
A16: Para aquellas cláusulas y/o condiciones adicionales para las que no se indique sublímite se entenderá que estas operan al 100%.
A17: Riesgos marítimos o incidentales a ellos, incluidos:
A18: Pérdida total o absoluta
A19: Pérdida total constructiva o asimilada
A20: Avería particular o parcial de la maquinaria o casco.
A21: Explosión a bordo o en otra parte.
A22: Explosión de calderas, rotura de ejes o cualquier defecto latente en la maquinaria o casco.
... A50: A) PROTECCIÓN & INDEMNIZACIÓN PANDI 3% SOBRE EL VALOR DE LA PÉRDIDA MINIMO 3 SMMLV B) DEMÁS COBERTURAS: 3% SOBRE EL VALOR DE LA PÉRDIDA MINIMO 3 SMMLV

Sheet EQUI Y MAQU
A1: =TRDM!A1 -> ANEXO 1
A2: =TRDM!A2 -> CONDICIONES TÉCNICAS BÁSICAS OBLIGATORIAS
A3: =TRDM!A3 -> DEPARTAMENTO DEL ATLÁNTICO
A4: EQUIPO Y MAQUINARIA
A6: CONDICIONES BÁSICAS OBLIGATORIAS
A7: El DEPARTAMENTO DEL ATLÁNTICO requiere la presentación de ofertas con las condiciones que se detallan a continuación, las cuales se consideran requisito mínimo obligatorio, por ello no son objeto de asignación de puntaje y el no otorgamiento de la totalidad de las mismas dará lugar al rechazo de la propuesta de la presente póliza.
A8: 1. Objeto del Seguro:
A9: Amparar las pérdidas o daños materiales que sufra el equipo como: Tractores, arados, maquinaria agrícola, montacargas, y otros propios de la actividad y demás bienes del DEPARTAMENTO DEL ATLÁNTICO y/o bajo su responsabilidad.
A10: =TRDM!A10 -> Vigencia:
A11: 2. Bienes Asegurados
A12: Se cubre en general la maquinaria tal como: Tractores, arados, maquinaria agrícola, montacarga y otros propios de la actividad y que sean de propiedad del DEPARTAMENTO DEL ATLÁNTICO, que se hallen bajo su responsabilidad, tenencia y/o control, y en general, los recibidos a cualquier título o por los que tenga algun interés asegurable. Conforme a listado.
A13: 3. Valor Asegurado
A14: La suma de $ 9.012.800.000
A15: 4. Bienes e Intereses Asegurados:
A16: Todo riesgo por cualquier pérdida y/o daño incluyendo, pero no limitado a: pérdidas o daños accidentales, hurto, hurto calificado, daños causados en la tentativa de hurto, de equipos y accesorios que hagan parte del equipo; terremoto, temblor, erupción volcánica, huracán, ciclón, tornado, tifón, tormentas, vientos, lluvia, marea, inundación, maremoto, tsunami, aludes, caída de rocas y deslizamientos, impacto directo de rayo, o cualquier otro evento o fenómeno de la naturaleza; asonada, motín, conmoción civil o popular, huelga, sabotaje, vandalismo, terrorismo (al 100% del valor asegurado), actos mal intencionados de terceros; incendio, explosión, sobretensión, arco voltaico, presión alta o baja, corto circuito; negligencia, impericia, inexperiencia, descuido; volcamiento, cuerpos extraños; y responsabilidad civil extracontractual que puedan generar los equipos asegurados bajo esta póliza. Cobertura para accesorios y equipo móvil: Con límite equivalente al 20% del valor asegurado de cada máquina. Gastos para la demostración del siniestro: Con límite del 25% del valor de cada equipo. Bajo este amparo se cubren los gastos en que incurra el asegurado, para la demostración de la ocurrencia y cuantía del siniestro y serán indemnizados bajo esta póliza. Gastos para evitar la extensión y propagación del siniestro: Con el límite del 25% sobre el valor de cada bien asegurado. Gastos para reparaciones transitorias: Con límite del 20% sobre el valor de cada bien asegurado. Gastos para la preservación de los bienes asegurados: Con límite del 25% sobre el valor de cada bien asegurado. Los oferentes deben otorgar amparo para el cubrimiento de los gastos en que incurra el asegurado para realizar reemplazos temporales y/o provisionales o reacondicionamientos y/o reparación de los bienes asegurados afectados por siniestro, siempre y cuando estos gastos sean requeridos para la preservación y/o conservación de los bienes asegurados con el fin de establecer y continuar con igual eficiencia, como sea posible, las operaciones del giro normal de las actividades del asegurado que sean afectados directamente por un evento amparado.
A17: Hurto y hurto calificado o daños causados en la tentativa de hurto.
A18: Terremoto, temblor y/o erupción volcánica, huracán, tifón, tornado y ciclón, vientos, tormentas, lluvia, inundación, maremoto, tsunami, caída de rocas y deslizamientos
A19: Huelga, motín, asonada, conmoción civil o popular, actos mal intencionados de terceros, sabotaje, vandalismo y terrorismo.
A20: Movilización por sus propios medios y por vehículos especializados para el transporte de esta clase de maquinaria.
A21: Responsabilidad Civil Extracontractual. Sublimite 50% del valor asegurado.
A22: 5. Cláusulas y/o condiciones adicionales
... A52: DEDUCIBLES: TERREMOTO: 1% SOBRE EL VALOR ASEGURADO MINIMO 5 SMMLV. HURTO Y HURTO CALIFICADO: SIN APLICACIÓN DE DEDUCIBLE OTROS EVENTOS: SIN APLICACIÓN DE DEDUCIBLE

Sheet RCSP
A1: =TRDM!A1 -> ANEXO 1
A2: =TRDM!A2 -> CONDICIONES TÉCNICAS BÁSICAS OBLIGATORIAS
A3: =TRDM!A3 -> DEPARTAMENTO DEL ATLÁNTICO
A4: RESPONSABILIDAD CIVIL SERVIDORES PÚBLICOS
A6: CONDICIONES BÁSICAS OBLIGATORIAS
A7: Objeto del Seguro
A8: Amparar los perjuicios o detrimentos patrimoniales causados al DEPARTAMENTO DEL ATLÁNTICO, como consecuencia de decisiones de gestión incorrectas, pero no dolosas, adoptadas y/o ejecutadas o inejecutadas, por los Servidores Públicos y/o funcionarios con regímenes de responsabilidad similares a los de los servidores públicos, cuyos cargos se relacionan en el presente anexo.
A9: Asumir los gastos de defensa (honorarios profesionales de abogados defensores y cauciones judiciales) según los límites por etapas procesales establecidos en este documento, en todo tipo de procesos, incluidos los penales, siempre que se trate de delitos no dolosos, civiles, administrativos, iniciados por entes de control (Procuraduría, Contraloría o similares) o por cualquier organismo oficial, en los que se discuta la responsabilidad correspondiente a los cargos asegurados.
A10: NOTA: EL PROPONENTE ACEPTA CON LA PRESENTACIÓN DE OFERTA, QUE EL OFRECIMIENTO DE LAS CONDICIONES TÉCNICAS BÁSICAS OBLIGATORIAS ESTABLECIDAS EN EL PRESENTE DOCUMENTO, PREVALECERÁ SOBRE LAS CONDICIONES GENERALES DEL EJEMPLAR DE LA PÓLIZA APORTADA, SUS ANEXOS O TEXTOS ADICIONALES CONTENIDOS EN LA PROPUESTA.
A11: =TRDM!A10 -> Vigencia:
A12: FECHA DE RETROACTIVIDAD: A partir del inicio de la presnete póliza.
A13: Información General
A14: Relación de Cargos a asegurar, según Formulario RC Servidores Públicos
A15: Cargos Amparados
A16: GOBERNADOR SECRETARIO PRIVADO SECRETARIO DEL INTERIOR SECRETARIO DE SALUD SECRETARIO DE HACIENDA SECRETARIO DE INFRAESTRUCTURA SECRETARIO DE EDUCACIÓN SECRETARIO DE DESARROLLO ECONÓMICO SECRETARIO DE PLANEACIÓN SECRETARIO DE AGUA POTABLE Y SANEAMIENTO BÁSICO SECRETARIO JURÍDICO SECRETARIO DE CONTROL INTERNO SECRETARIO GENERAL SECRETARIO DE JUNTA DE CIUDADELA UNIVERSITARIA SECRETARIO DE TECNOLOGÍA DE LA INFORMACION Y LAS COMUNICACIONES SECRETARIO DE CULTURA Y PATRIMONIO SECRETARIO DE MUJER Y EQUIDAD DE GÉNERO SUBSECRETARIO DE PARTICIPACIÓN COMUNITARIA Y CONVIVENCIA SUBSECRETARIO DE PREVENCIÓN Y ATENCIÓN DE DESASTRES SUBSECRETARIO DE TALENTO HUMANO SUBSECRETARIO DE SERVICIOS ADMINISTRATIVOS SUBSECRETARIO DE PASAPORTE SUBSECRETARIO DE RENTAS SUBSECRETARIO DE PRESUPUESTO SUBSECRETARIO DE TESORERÍA
A17: SUBSECRETARIO DE CONTABILIDAD SUBSECRETARIO DE ADMINISTRATIVA Y FINANCIERA SUBSECRETARIO DE DESARROLLO EDUCATIVO SUBSECRETARIO DE DESARROLLO ADMINISTRATIVO SUBSECRETARIO DE ASESORÍA Y ASISTENCIA EN SEGURIDAD SOCIAL SUBSECRETARIO DE SALUD PÚBLICA SUBSECRETARIO DE GESTIÓN EMPRESARIAL SUBSECRETARIO DE GESTIÓN AGROPECUARIA SUBSECRETARIO DE TURISMO SUBSECRETARIO DE SISTEMAS DE INFORMACIÓN Y PROYECTOS SUBSECRETARIO DE FORTALECIMIENTO INSTITUCIONAL Y MUNICIPAL SUBSECRETARIO DE VÍAS Y CONSTRUCCIÓN SUBSECRETARIO DE VIVIENDA, ELECTRIFICACIÓN Y ESPACIO PÚBLICO SUBSECRETARIO DE CIUDADELA UNIVERSITARIA SUBSECRETARIO DE DIRECCIONAMIENTO ESTRATÉGICO GERENTE DE CAPITAL SOCIAL GERENTE DE ASUNTOS ÉTNICOS JEFE DE OFICINA DE QUEJAS Y CONTROL DISCIPLINARIO
A18: Coberturas básicas, Límites asegurados y Exclusiones
A19: • Perjuicios o detrimentos patrimoniales, límite Asegurado $ 2.700.000.000 evento / agregado anual, combinado con gastos de defensa
A20: Ampara los perjuicios o detrimentos patrimoniales causados al DEPARTAMENTO DEL ATLÁNTICO, como consecuencia de decisiones de gestiones incorrectas pero no dolosas, adoptadas y/o ejecutadas o inejecutadas por los Servidores Públicos y/o funcionaros con regímenes de responsabilidad similares a los de los servidores públicos, cuyos cargos sean relacionados por la Entidad.
A21: • Gastos de defensa, Sublimite $1.500.000.000
A22: Mediante esta cobertura se amparan los Gastos de defensa, (honorarios profesionales de abogados defensores y cauciones judiciales) según los límites por etapas procesales establecidos en este documento, en todo tipo de procesos, incluidos los penales siempre que se trate de delitos no dolosos, civiles, administrativos, iniciados por entes de control (Procuraduría, Contraloría o similares) o por cualquier organismo oficial, en los que se discuta la responsabilidad correspondiente de los cargos asegurados.
A23: Exclusiones:
... A34: Lavado de Dinero significa:
A35: (i) | B35: El encubrimiento, o disfraz, o conversión, o transferencia, o traslado de la Propiedad Delictiva, (inclusive encubriendo o disfrazando su naturaleza, fuente, ubicación, disposición, movimiento o propiedad o cualquier derecho relacionado con ella); o
A36: (ii) | B36: El tomar parte en, o favorecer en cualquier forma relacionada con, un arreglo que es conocido o sospechoso para facilitar (por cualquier medio) la adquisición, retención, uso o control de la Propiedad Delictiva por, o en nombre de otra persona; o
A37: (iii) | B37: La adquisición, uso o posesión de la Propiedad Delictiva; o
A38: (iv) | B38: Cualquier acto que constituya una tentativa, conspiración o incitación para cometer cualquier acto o actos mencionados en los numerales anteriores (i), (ii) ó (iii); o
A39: (v) | B39: Cualquier acto que constituya ayudar, incitar, asesorar o facilitar la comisión de cualquier acto o actos mencionados en los numerales anteriores (i), (ii) ó (iii).
A40: e. Exclusión de Responsabilidad Civil Profesional
A41: Esta cobertura no se extiende para amparar ninguna reclamación que tenga su causa, sea consecuencia de, o de cualquier forma esté relacionada directa o indirectamente con la prestación de un servicio de carácter profesional, de manera independiente a sus funciones de gestión o administración.
A42: f. Exclusión de reclamos por eventos generados a consecuencia de riesgos asegurables bajo los seguros de daños
A43: Queda acordado que la Aseguradora no será responsable por las reclamaciones que se efectúen en contra de los funcionarios que desempeñan los cargos asegurados, como consecuencia de las pérdidas o daños que sufran los bienes asegurables de la Entidad y cuyos riesgos son objeto de aseguramiento bajo seguros de daños
A44: g. Exclusión de pérdidas o daños por depreciación, pérdida de inversiones, resultado de fluctuaciones en los mercados financieros, otorgamiento de créditos y recuperación de cartera.
A45: (a) | B45: Basada en, surgida de, directa o indirectamente resultante de, o como consecuencia de, o de cualquier manera relacionada con, cualquier negocio, tanto real como supuesto, y de cualquier naturaleza, cuyo objetivo sea el de afectar el precio de, o negociar, las acciones y/o obligaciones de cualquier compañía, o de cualquier producto alimenticio, o materia prima, o mercadería o divisa o cualquier instrumento negociable, a menos que dicho negocio se hubiera llevado a cabo de acuerdo con las leyes, reglas y reglamentos aplicables al mismo;
A46: (b) | B46: Basada en, surgida de, directa o indirectamente resultante de, como consecuencia de, o de cualquier manera relacionada con, cualquier alegato de cualquier Asegurado que se hubiese beneficiado inoportunamente negociando valores bursátiles como consecuencia de información de la que no dispusieran otros vendedores y compradores de dichos valores;
A47: (c) | B47: Formulada por, o por cuenta de, cualquier cliente de la Entidad Tomadora o de los Asegurados, como consecuencia de la inversión en, gestión de, o consejos relacionados con, cualquier patrimonio, fundación, fidecomiso o propiedad;
A48: (d) | B48: (d) Surgida única y exclusivamente de la depreciación o pérdida sufrida por cualquier inversión cuando dicha depreciación o pérdida sea el resultado de cualquier fluctuación de cualquier mercado financiero, de valores, mercaderías o cualesquiera otros mercados cuando tal fluctuación esté fuera del control o influencia de los Asegurados.
A49: (e) | B49: (e) Surgida única y exclusivamente del hecho de que los valores o mercaderías o inversiones no produzcan los resultados representados o esperados.
A50: h. Exclusión de multas o sanciones penales o administrativas impuestas a la Entidad tomadora o a los funcionarios asegurados, contribuciones políticas y donaciones.
A51: Queda acordado y convenido que esta cobertura no se extiende para amparar ninguna reclamación proveniente de, o que contribuya de alguna manera al reconocimiento por parte de los funcionarios asegurados, de donaciones o contribuciones políticas o de cualquier otra naturaleza, que no sean contempladas por la Ley o los estatutos de la Entidad.
A52: Quedan excluidas igualmente las sanciones penales o administrativas impuestas a la Entidad o a los funcionarios asegurados.
A53: i. Exclusión de avales o garantías personales otorgadas por los funcionarios asegurados
A54: Sujeto a los demás términos y condiciones de esta póliza, queda acordado y convenido que esta cobertura no se extiende para amparar ninguna reclamación efectuada en contra de los funcionarios asegurados como consecuencia de avales o garantías ofrecidas a título personal y que no correspondan a las actuaciones propias de su cargo.
A55: No obstante los términos de las exclusiones antes indicadas, queda expresamante acordado y expresado que esta póliza ampara los costos y gastos de defensa, según los límites por etapas procesales establecidos en este documento, en todo tipo de procesos, incluyendo los penales siempre que se trate de delitos no dolosos, civiles, administrativos iniciados por entes de control (Procuraduría, Contraloría o similares) o por cualquier organismo oficial, que se deriven, o en los que se discuta alguna responsabilidad real o presunta, relacionada directa o indirectamente con las funciones de gestión o administración de los cargos asegurados, por cualquiera de los eventos indicados en los literales b, d, e, f, g, h, i anteriores
A56: j. Exclusión de daños o pérdidas no relacionadas con el desempeño de sus funciones.
A57: No se ampara los daños o pérdidas ocasionadas por incurrir el funcionario asegurado en faltas, errores u omisiones, no directamente relacionadas con el desempeño de las funciones propias de su cargo, bien sea que las mismas constituyan o no faltas disciplinarias. Adicionalmente, se excluyen las reclamaciones generadas por o resultantes del incumplimiento de cualquier obligación de carácter contractual, adquirida por los funcionarios asegurados, distintas de las inherentes a las responsabilidades de administración, adquiridas en su caracter de servidor público.
A58: k. Exclusión de Asbesto
A59: Se excluyen los daños causados por asbesto en estado natural o por sus productos, así como los daños resultantes de operaciones y actividades que impliquen exposición a fibras de amianto, además, daños originados directa o indirectamente por contaminación, filtración o polución de cualquier clase del medio ambiente, por otras alteraciones perjudiciales del agua, aire, suelo, subsuelo o por ruido.
A60: l. Exclusión de Guerra
A61: Se excluye la pérdida o daño causados por guerra, invasión, actos de enemigo extranjero, hostilidades u operaciones bélicas (exista o no declaración de guerra), guerra civil insurrección, rebelión, revolución, huelga, insurrección, conmoción civil, golpe de estado civil o militar, ley marcial, asonada, o confiscación, o destrucción por cualquier acto de autoridad gubernamental o pública legítimamente constituida.
... A90: La propuesta debe contemplar el ofrecimiento de los siguientes sublímites de honorarios profesionales de abogados, los cuales deben operar exclusivamente bajo la modalidad Persona / Proceso:
B91: Procesos de Investigaciones Preliminares. según tipo de proceso:
B92: Definición para Procesos de Responsabilidad Fiscal. Ley 610 de 2000.
A93: La investigación preliminar para este tipo de procesos es la fase de instrucción comprendida entre la iniciación de una investigación de oficio, por solicitud de las entidades vigiladas, o por denuncias o quejas presentadas por cualquier persona u organización ciudadana, hasta antes de abrirse formalmente el proceso (Artículo 39)
A94: Definición para Procesos Disciplinarios. Ley 1952 de 2019 (Código General Disciplinario)
A95: En caso de duda sobre la identificación o individualización del posible autor de una falta disciplinaria, se adelantará indagación previa. (Artículo 208)
B96: Definición para Procesos Penales.
A97: Ley 600 de 2000. Toda la etapa de investigación previa (art. 322 y s.s.) adelantada por la Fiscalía de acuerdo con el procedimiento establecido hasta antes del auto de formulación de imputación (art. 331 y s.s.)
A98: Sistema Acusatorio (Ley 906 de 2004). Toda la etapa de instrucción adelantada por la Fiscalía de acuerdo con el procedimiento establecido para el sistema penal acusatorio hasta antes del auto de formulación de imputación (art. 286 y s.s.)
B99: Definición para Procesos ante Otros Organismos
A100: Toda la etapa de investigación preliminar adelantada contra un servidor público y/o funcionario con responsabilidades similares, adelantada por un organismo oficial, antes de que exista decisión de vinculación definitiva a un proceso.
B101: Definición para Procesos Civiles. De acuerdo con la Ley 678 de 2001.
A102: Todas las actuaciones tendientes a definir la procedencia de la acción de repetición o llamamiento en garantía con fines de repetición, iniciada por el comité de conciliaciones de la respectiva entidad, en arreglo a lo establecido por el artículo 4 de la Ley 678 de 2001, reglamentaria del artículo 90 de la C.N.
A103: Sublímite de Gastos de Defensa $1.500.000.000 en el agregado vigencia
A104: Sublímites aplicables para cada una de las Etapas de Investigación Preliminar indicadas en las anteriores definiciones :
A105: Cargos | C105: Sublímite Persona / Proceso
A106: Los relacionados en el Slip ( 43 Cargos) | C106: 25000000
A107: Etapas desde Vinculación Procesal hasta Fallo que haga Tránsito a Cosa Juzgada. Se incluyen todas las etapas relativas a cada proceso desde la vinculación del procesado (fiscal, disciplinario, penal, civil o ante otro organismo oficial), hasta que se produzca un fallo (sentencia, resolución o auto) definitivo y con tránsito a cosa juzgada (1ª. y 2ª. instancia)
A108: Cargos | C108: Sublímite Persona / Proceso
A109: Los Relacionados en el Slip ( 43 Cargos) | C109: 40000000
A110: Otros costos procesales, incluyendo cauciones judiciales y agencias en derecho
A111: Se amparan otros costos procesales según la definición jurídica, incluidas cauciones judiciales y agencias en derecho, diferentes a honorarios profesionales de abogados, en que deban incurrir los asegurados dentro de los respectivos procesos.
A112: Sublímite Aplicable: $ 30.000.000 evento
A113: Cláusulas y Condiciones Particulares Básicas Obligatorias
A114: • Sistema de cobertura.-
A115: La presente póliza opera bajo la modalidad de cobertura por reclamación o "claims made" de conformidad con la Ley 389 de 1997. La cobertura de la póliza aplica a: (i) reclamaciones o investigaciones notificadas a los funcionarios asegurado por primera vez durante la vigencia de la póliza; y/o (ii) circunstancias por las que los funcionarios asegurados tengan conocimiento por primera vez durante la vigencia de la póliza, de investigaciones iniciadas o que estarán siendo iniciadas en su contra. La cobertura se circunscribe a hechos que hayan ocurrido dentro del período de retroactividad de la póliza. Todas las reclamaciones o investigaciones subsiguientes relacionadas con la primera notificación informada a la Aseguradora y aceptada por esta, deberán ser atendidas por la misma póliza, es decir, la vigencia de la primera notificación. Por esto mismo, las reclamaciones, investigaciones o circunstancias ya notificadas quedan excluidas de todas las vigencias posteriores.
A116: Queda entendido y acordado que se excluyen los procesos, investigaciones y/o reclamos en curso, notificados a los funcionarios y/o la entidad, previo al inicio de la vigencia y aquellos previamente notificados y/o reclamados a una póliza anterior.
A117: Los hallazgos o circunstancias en averiguación que no individualicen ningún funcionario o cargo asegurado no se considerarán, para efectos de la póliza, como hechos conocidos que puedan dar lugar a una reclamación aplicable bajo el presente seguro, sino hasta el momento que sea vinculado e(los)l funcionario(s) formalmente a alguna investigación o indagación preliminar. En consecuencia, en caso de que estos hechos se materialicen posteriormente en una reclamación, no se consideraran hechos excluidos aun cuando no hubiesen sido reportados a la aseguradora.
A118: Así mismo queda expresamente acordado y convenido que la aseguradora acepta bajo los mismos términos, las condiciones del sistema de cobertura aquí definidas y en caso de existencia de textos, cláusulas o condiciones contenidas en la propuesta o indicadas en el ejemplar de las condiciones generales de la póliza u otro documento, en contradicción con lo dispuesto en esta cláusula, se entenderán por no escritas.
A119: Se cubren hechos ocurridos desde la fecha de los períodos de retroactividad otorgados y notificados durante la vigencia de esta póliza, que no hayan sido conocidos por el DEPARTAMENTO DEL ATLÁNTICO, antes de la fecha de iniciación de la presente póliza.
A120: Definición de Evento:
A121: Se entiende por evento toda circunstancia que pueda derivar en una o varias reclamaciones o procesos, aun cuando sean adelantados por autoridades distintas, siempre que provengan de una misma causa y aun cuando estén involucrados varios funcionarios asegurados. Para efectos de determinar la cobertura bajo la póliza, de acuerdo con la Modalidad de Cobertura aquí definida, queda entendido y acordado que todas las investigaciones y procesos que surjan con posterioridad a dicha notificación efectuada por primera vez, deberán ser atendidas por la misma póliza que conoció de aquella primera reclamación debidamente notificada durante la vigencia de la póliza .
... A150: (2) PROTECCIÓN DE DATOS cualquier incumplimiento real o presunto de cualquier ley o reglamento de protección de datos.
A151: Incidente cibernético significará cualquier:" "a. Acto no autorizado, malintencionado o delictivo o serie de actos relacionados no autorizados, malintencionados o delictivos, independientemente del tiempo y lugar o la amenaza o engaño del mismo, ciberataque, la recepción o transmisión de malware, código malicioso o similar que implique el acceso a, procesamiento, uso u operación de cualquier sistema informático o datos; b. Acto, error u omisión o serie de errores u omisiones relacionados que involucren el acceso, procesamiento, uso u operación de cualquier Sistema de Computación; c. Acto, error u omisión al divulgar, crear, modificar, ingresar, eliminar o usar Datos; d. Reparación, reemplazo, restauración o reproducción de cualquier Dato; e. Indisponibilidad parcial o total o falla o serie de indisponibilidad parcial o total relacionada o fallas para acceder, procesar, usar u operar cualquier sistema informático; f. Daño o pérdida o pérdida de uso, destrucción, borrado, corrupción o alteración de los Datos; o g. Incapacidad, demora o falta de recepción, envío, acceso, permiso de acceso o uso de los Datos. " | B151: "a. Acto no autorizado, malintencionado o delictivo o serie de actos relacionados no autorizados, malintencionados o delictivos, independientemente del tiempo y lugar o la amenaza o engaño del mismo, ciberataque, la recepción o transmisión de malware, código malicioso o similar que implique el acceso a, procesamiento, uso u operación de cualquier sistema informático o datos;
A152: Sistema informático significa cualquier computadora, hardware, software, sistema de comunicaciones, dispositivo electrónico (que incluye, entre otros, teléfono inteligente, computadora portátil, tableta, dispositivo portátil), servidor, nube o microcontrolador, incluido cualquier sistema similar o cualquier configuración de los mencionados anteriormente. e incluyendo cualquier entrada, salida, dispositivo de almacenamiento de datos, equipo de red o instalación de respaldo asociados. Por datos se entenderá información personal o corporativa, hechos, conceptos, códigos o cualquier otra información de cualquier tipo que se registre o transmita en una forma para ser utilizada, accedida, procesada, transmitida o almacenada por un sistema informático.
A153: DEDUCIBLES: Sin aplicación de deducibles.

Sheet IRF
A1: =TRDM!A1 -> ANEXO 1
A2: =TRDM!A2 -> CONDICIONES TÉCNICAS BÁSICAS OBLIGATORIAS
A3: =TRDM!A3 -> DEPARTAMENTO DEL ATLÁNTICO
A4: INFIDELIDAD Y RIESGOS FINANCIEROS
A6: TIPO: | B6: SEGURO INFIDELIDAD Y RIESGOS FINANCIEROS
A8: ASEGURADO ORIGINAL: | B8: DEPARTAMENTO DEL ATLÁNTICO
A9: INTERÉS: | B9: Cubrir las operaciones del Asegurado Original
A10: SUMA ASEGURADA:
A11: COP 1.600.000.000 toda y cada pérdida y en el agregado anual
A12: Deducible de: $50.000.000 toda y cada pérdida/reclamo
A14: UBICACIÓN | B14: Colombia extendido a Límite Territorial Mundial
A17: Fecha de Retroactividad: A partir del inicio de vigencia de la presente póliza
A18: Cuidado, custodia y control de Sub-limitado a $130.000.000 toda y cada pérdida y en el agregado.
A19: Extorsión incluida. Cobertura de pérdida por amenaza a las personas y/o bienes. Las coberturas de Predios Tránsito se extienden a incluir el anexo de extorsión (lesiones personales y/o daños a la propiedad), excluyendo siempre los daños a los edificios y/o contenidos. Por expresa prohibición legal (Ley 40 de 1993) , las pérdidas causadas por el pago de cualquier rescate para obtener la liberación de cualquier parte secuestrada no quedan cubiertas
A20: Honorarios, costos y gastos cubiertos, formando parte del límite agregado anual.
A21: El uso de Especialistas en Investigación sub-limitado a $170.000.000 toda y cada pérdida y en el agregado.
A22: Nuevas entidades - recién creadas o adquiridas, cubiertas.
A23: Cláusula de Extensión de Terremoto.
A24: Exclusión de Conocimientos de Embarque, Bodegaje y Confiabilidad de Recibos. (Absoluta).
A25: El término ‘Empleado’ es entendido a incluir lo siguiente:
A26: (i) Uno o más directores o empleados del Asegurado;
A27: (ii) Estudiantes invitados que realicen estudios o ejecuten trabajos en las oficinas o predios del Asegurado;
A28: (iii) Contratistas o visitantes especiales expresamente autorizados por el Asegurado a estar en los predios del Asegurado;
... A127: Este endoso también excluye la pérdida, daño, costo o gasto de cualquier naturaleza directa o indirectamente causados por, resultantes de, o en conexión con cualquier acción tomada para controlar, prevenir, suprimir o en cualquier forma que se relacione con (1) y/o (2) anteriores.
A128: Si la aseguradora alega que por razón de esta exclusión, cualquier pérdida, daño, costo o gasto no está cubierto bajo el presente seguro, la carga de probar lo contrario será a cargo del asegurado. | D128: =40/8 -> 5
A129: En el evento que cualquier parte de este endoso no sea válido, o que no esté en vigor, el resto seguirá en vigor y en total efecto.
A130: DEDUCIBLES BÁSICOS OBLIGATORIOS
A131: El DEPARTAMENTO DEL ATLÁNTICO requiere oferta de cobertura con los siguientes deducibles, para los bienes y/o amparos y/o eventos, señalados a continuación y por lo tanto el proponente con la firma del FORMATO No. XXX CARTA DE ACEPTACIÓN DE LAS CONDICIONES TÉCNICAS BASICAS OBLIGATORIAS, acepta estas condiciones.
A132: DEDUCIBLES: INFIDELIDAD: 50.000.000 TODA Y CADA PÉRDIDA DEMAS COBERTURAS: 30.000.000 TODA Y CADA PÉRDIDA
